TOP OF THE 1ST |
Montgomery Grey Sox batting - Pitching for Scottsdale Scorpions : LHP Perry Harris
|
Pitching: LHP Perry Harris
|
|
Batting: RHB Bobby Burks
|
0-0: Ball 1-0: Ball 2-0: Swinging Strike 2-1: Foul Ball, location: 2F 2-2: Strikes out looking
|
Batting: SHB Kenneth Cruz
|
0-0: Ground out 1-3 (Groundball, 15S)
|
Batting: RHB Pedro Castro
|
0-0: Swinging Strike 0-1: Fly out, F4 (Popup, 4S)
|
Top of the 1st over - 0 runs, 0 hits, 0 errors, 0 left on base; Montgomery 0 - Scottsdale 0 |
BOTTOM OF THE 1ST |
Scottsdale Scorpions batting - Pitching for Montgomery Grey Sox : RHP Roger Fuller
|
Pitching: RHP Roger Fuller
|
|
Batting: LHB Ernesto Hernández
|
0-0: Called Strike 0-1: Ball 1-1: Ball 2-1: Ball 3-1: Base on Balls
|
Batting: RHB José Martínez
|
0-0: Foul Ball, location: 2F 0-1: Ball 1-1: SINGLE (Flyball, 7S) Ernesto Hernández to second
|
Batting: LHB Tony Ayala
|
0-0: Ball Ernesto Hernández steals 3rd base 1-0: Called Strike José Martínez steals 2nd base 1-1: Swinging Strike 1-2: Ball 2-2: Ball 3-2: Foul Ball, location: 2F 3-2: Fly out, F8 (Flyball, 89M) Runner from 3rd tags up, SCORES, no throw
|
Batting: RHB Phil Rowlett
|
0-0: Ball 1-0: Ball 2-0: Swinging Strike 2-1: SINGLE (Line Drive, 4MD) José Martínez to third Runner from 3rd tries for Home, SAFE, no throw
|
Batting: LHB John Jones
|
0-0: Fielders Choice at 2nd, 4-6 (Groundball, 4)
|
Batting: LHB Ángel De Jesús
|
0-0: Called Strike 0-1: Foul Ball, location: 2F 0-2: Ball 1-2: SINGLE (Flyball, 7LS) John Jones to second
|
Batting: RHB Rob Johnston
|
0-0: Foul Ball, location: 2F 0-1: Ball 1-1: Ball 2-1: Fly out, F7 (Flyball, 7)
|
Bottom of the 1st over - 2 runs, 3 hits, 0 errors, 2 left on base; Montgomery 0 - Scottsdale 2 |
TOP OF THE 2ND |
Montgomery Grey Sox batting - Pitching for Scottsdale Scorpions : LHP Perry Harris
|
Batting: SHB Wilson Bray
|
0-0: Ball 1-0: Called Strike 1-1: Ball 2-1: Foul Ball, location: 2F 2-2: Foul Ball, location: 2F 2-2: SINGLE (Groundball, 34D)
|
Batting: RHB José Torres
|
0-0: Foul Ball, location: 2F 0-1: Foul Ball, location: 2F 0-2: Hit by Pitch Wilson Bray to second
|
Batting: RHB Luis Pineda
|
0-0: Foul Ball, location: 2F 0-1: Foul Ball, location: 2F 0-2: Ball 1-2: Ball 2-2: Strikes out looking
|
Batting: LHB Jorge Garza
|
0-0: Ball 1-0: SINGLE (Groundball, 4MD) Wilson Bray to third José Torres to second Runner from 3rd tries for Home, SAFE, no throw
|
Batting: RHB Jorge Romero
|
0-0: Called Strike 0-1: Swinging Strike 0-2: Ball 1-2: Ball 2-2: Foul Ball, location: 2F 2-2: Ball 3-2: Foul Ball, location: 2F 3-2: Strikes out looking
|
Batting: SHB Rob Lowe
|
0-0: Ball 1-0: Fly out, F8 (Flyball, 8LM)
|
Top of the 2nd over - 1 run, 2 hits, 0 errors, 2 left on base; Montgomery 1 - Scottsdale 2 |
BOTTOM OF THE 2ND |
Scottsdale Scorpions batting - Pitching for Montgomery Grey Sox : RHP Roger Fuller
|
Batting: RHB Manny Moreno
|
0-0: Called Strike 0-1: Called Strike 0-2: Ball 1-2: Strikes out looking
|
Batting: RHB Robinson Fernández
|
0-0: Ball 1-0: Called Strike 1-1: Ground out 5-3 (Groundball, 56S)
|
Batting: LHB Ernesto Hernández
|
0-0: Ball 1-0: Ball 2-0: Ball 3-0: Base on Balls
|
Batting: RHB José Martínez
|
0-0: Ball 1-0: Called Strike 1-1: Called Strike Ernesto Hernández steals 2nd base 1-2: Fly out, F8 (Flyball, 8LD)
|
Bottom of the 2nd over - 0 runs, 0 hits, 0 errors, 1 left on base; Montgomery 1 - Scottsdale 2 |
TOP OF THE 3RD |
Montgomery Grey Sox batting - Pitching for Scottsdale Scorpions : LHP Perry Harris
|
Batting: RHB Bobby Burks
|
0-0: Ball 1-0: Fly out, F7 (Flyball, 7D)
|
Batting: SHB Kenneth Cruz
|
0-0: Called Strike 0-1: Foul Ball, location: 2F 0-2: Ball 1-2: Ball 2-2: Ground out 6-3 (Groundball, 6M)
|
Batting: RHB Pedro Castro
|
0-0: Swinging Strike 0-1: Ball 1-1: Ball 2-1: Called Strike 2-2: Strikes out swinging
|
Top of the 3rd over - 0 runs, 0 hits, 0 errors, 0 left on base; Montgomery 1 - Scottsdale 2 |
BOTTOM OF THE 3RD |
Scottsdale Scorpions batting - Pitching for Montgomery Grey Sox : RHP Roger Fuller
|
Batting: LHB Tony Ayala
|
0-0: Swinging Strike 0-1: Called Strike 0-2: Ball 1-2: Reached on error, E7 (Flyball, 7)
|
Batting: RHB Phil Rowlett
|
0-0: Ball 1-0: Foul Ball, location: 2F 1-1: Ball 2-1: Foul Ball, location: 2F 2-2: Foul Ball, location: 2F 2-2: Ball 3-2: Fly out, F9 (Line Drive, 9)
|
Batting: LHB John Jones
|
0-0: Swinging Strike Tony Ayala steals 2nd base 0-1: Fly out, F8 (Flyball, 8LD)
|
Batting: LHB Ángel De Jesús
|
0-0: Ball 1-0: Foul Ball, location: 2F 1-1: Ball 2-1: Foul Ball, location: 2F 2-2: Fly out, F7 (Flyball, 7LM)
|
Bottom of the 3rd over - 0 runs, 0 hits, 1 error, 1 left on base; Montgomery 1 - Scottsdale 2 |
TOP OF THE 4TH |
Montgomery Grey Sox batting - Pitching for Scottsdale Scorpions : LHP Perry Harris
|
Batting: SHB Wilson Bray
|
0-0: Called Strike
|
|
|
|
0-1: Foul Ball, location: 2F 0-2: Strikes out swinging
|
Batting: RHB José Torres
|
0-0: Ball 1-0: Ball 2-0: Called Strike 2-1: Swinging Strike 2-2: Ball 3-2: Strikes out swinging
|
Batting: RHB Luis Pineda
|
0-0: Foul Ball, location: 2F 0-1: SOLO HOME RUN (Flyball, 9D), Distance : 345 ft
|
Batting: LHB Jorge Garza
|
0-0: Ball 1-0: Ball 2-0: Called Strike 2-1: Foul Ball, location: 2F 2-2: Strikes out swinging
|
Top of the 4th over - 1 run, 1 hit, 0 errors, 0 left on base; Montgomery 2 - Scottsdale 2 |
BOTTOM OF THE 4TH |
Scottsdale Scorpions batting - Pitching for Montgomery Grey Sox : RHP Roger Fuller
|
Batting: RHB Rob Johnston
|
0-0: Called Strike 0-1: SINGLE (Groundball, 5D)
|
Batting: RHB Manny Moreno
|
0-0: Called Strike 0-1: Ball 1-1: Ball 2-1: Called Strike 2-2: Foul Ball, location: 2F 2-2: Fielders Choice at 2nd, 6-4 (Groundball, 6)
|
Batting: RHB Robinson Fernández
|
0-0: Called Strike Manny Moreno is caught stealing 2nd base 0-1: Foul Ball, location: 2F 0-2: Ball 1-2: Ball 2-2: Ball 3-2: Reached on error, E4 (Groundball, 4)
|
Batting: LHB Ernesto Hernández
|
0-0: Called Strike 0-1: Ball 1-1: Ball Wild Pitch! Robinson Fernández to second 2-1: Ground out 4-3 (Groundball, 34D)
|
Bottom of the 4th over - 0 runs, 1 hit, 1 error, 1 left on base; Montgomery 2 - Scottsdale 2 |
TOP OF THE 5TH |
Montgomery Grey Sox batting - Pitching for Scottsdale Scorpions : LHP Perry Harris
|
Batting: RHB Jorge Romero
|
0-0: Ball 1-0: Called Strike 1-1: SINGLE (Groundball, 5D)
|
Batting: SHB Rob Lowe
|
0-0: Ball 1-0: Swinging Strike 1-1: Ball 2-1: Swinging Strike 2-2: Foul Ball, location: 2F 2-2: Fly out, F8 (Flyball, 89D)
|
Batting: RHB Bobby Burks
|
0-0: Fly out, F3 (Popup, 13)
|
Batting: SHB Kenneth Cruz
|
0-0: Ball 1-0: Called Strike 1-1: Ball 2-1: Called Strike 2-2: Ground out 4-3 (Groundball, 34)
|
Top of the 5th over - 0 runs, 1 hit, 0 errors, 1 left on base; Montgomery 2 - Scottsdale 2 |
BOTTOM OF THE 5TH |
Scottsdale Scorpions batting - Pitching for Montgomery Grey Sox : RHP Roger Fuller
|
Batting: RHB José Martínez
|
0-0: Foul Ball, location: 2F 0-1: Ball 1-1: Ball 2-1: Called Strike 2-2: Ground out 6-3 (Groundball, 6)
|
Batting: LHB Tony Ayala
|
0-0: Ball 1-0: SINGLE (Line Drive, 6MD)
|
Batting: RHB Phil Rowlett
|
0-0: Ball Tony Ayala steals 2nd base 1-0: SINGLE (Line Drive, 3) Tony Ayala to third Runner from 3rd tries for Home, SAFE, no throw
|
Batting: LHB John Jones
|
0-0: SINGLE (Flyball, 9S) Phil Rowlett to second
|
Batting: LHB Ángel De Jesús
|
0-0: Ball 1-0: Ball 2-0: Called Strike 2-1: Ball 3-1: Base on Balls Phil Rowlett to third John Jones to second
|
Batting: RHB Rob Johnston
|
0-0: Ball 1-0: Foul Ball, location: 2F 1-1: Foul Ball, location: 2F 1-2: Fly out, F4 (Popup, 4D)
|
Batting: RHB Manny Moreno
|
0-0: Ball 1-0: Foul Ball, location: 2F 1-1: Foul Ball, location: 2F 1-2: Fly out, F8 (Line Drive, 8LD)
|
Bottom of the 5th over - 1 run, 3 hits, 0 errors, 3 left on base; Montgomery 2 - Scottsdale 3 |
TOP OF THE 6TH |
Montgomery Grey Sox batting - Pitching for Scottsdale Scorpions : LHP Perry Harris
|
Batting: RHB Pedro Castro
|
0-0: Swinging Strike 0-1: Foul Ball, location: 2F 0-2: Ball 1-2: Strikes out looking
|
Batting: SHB Wilson Bray
|
0-0: Ball 1-0: Foul Ball, location: 2F 1-1: Ball 2-1: Foul Ball, location: 2F 2-2: Foul Ball, location: 2F 2-2: Foul Ball, location: 2F 2-2: Foul Ball, location: 2F 2-2: Ground out 4-3 (Groundball, 4S)
|
Batting: RHB José Torres
|
0-0: Foul Ball, location: 2F 0-1: Ball 1-1: SINGLE (Groundball, 56D)
|
Batting: RHB Luis Pineda
|
0-0: Called Strike 0-1: Ball 1-1: Fly out, F9 (Flyball, 89M)
|
Top of the 6th over - 0 runs, 1 hit, 0 errors, 1 left on base; Montgomery 2 - Scottsdale 3 |
BOTTOM OF THE 6TH |
Scottsdale Scorpions batting - Pitching for Montgomery Grey Sox : RHP Roger Fuller
|
Pitching: RHP Tom Reed
|
|
Batting: RHB Robinson Fernández
|
0-0: Ball 1-0: Ball 2-0: Fly out, F7 (Flyball, 7LMF)
|
Batting: LHB Ernesto Hernández
|
0-0: Swinging Strike 0-1: Foul Ball, location: 2F 0-2: Strikes out swinging
|
Batting: RHB José Martínez
|
0-0: Fly out, F7 (Line Drive, 7S)
|
Bottom of the 6th over - 0 runs, 0 hits, 0 errors, 0 left on base; Montgomery 2 - Scottsdale 3 |
TOP OF THE 7TH |
Montgomery Grey Sox batting - Pitching for Scottsdale Scorpions : LHP Perry Harris
|
Batting: LHB Jorge Garza
|
0-0: Called Strike 0-1: Foul Ball, location: 2F 0-2: Ball 1-2: Foul Ball, location: 2F 1-2: Strikes out swinging
|
Batting: RHB Jorge Romero
|
0-0: Called Strike 0-1: Ball 1-1: Ground out 6-3 (Groundball, 56)
|
Batting: SHB Rob Lowe
|
0-0: Ball 1-0: Ball 2-0: Ball 3-0: Called Strike 3-1: Base on Balls
|
Pitching: RHP Raúl Alonzo
|
|
Pinch Hitting: RHB Randall James
|
0-0: Ball Rob Lowe steals 2nd base 1-0: Called Strike 1-1: Ball 2-1: Ball 3-1: Foul Ball, location: 2F 3-2: SINGLE (Groundball, 34D) Rob Lowe to third Rob Lowe scores
|
Batting: SHB Kenneth Cruz
|
0-0: Ball 1-0: Ball 2-0: Ball 3-0: Base on Balls Randall James to second
|
Batting: RHB Pedro Castro
|
0-0: Called Strike 0-1: Swinging Strike 0-2: Strikes out swinging
|
Top of the 7th over - 1 run, 1 hit, 0 errors, 2 left on base; Montgomery 3 - Scottsdale 3 |
BOTTOM OF THE 7TH |
Scottsdale Scorpions batting - Pitching for Montgomery Grey Sox : RHP Tom Reed
|
Pitching: LHP Michael Dyer
|
|
Now at 3B: Randall James
|
|
Batting: LHB Tony Ayala
|
0-0: Ball 1-0: Ball 2-0: DOUBLE (Flyball, 89XD)
|
Pitching: RHP Santiago Álvarez
|
|
Batting: RHB Phil Rowlett
|
0-0: Called Strike Throwing error on steal attempt, E2 Tony Ayala scores 0-1: Ball 1-1: Ball 2-1: Ball 3-1: Foul Ball, location: 2F 3-2: Foul Ball, location: 2F 3-2: Strikes out swinging
|
Batting: LHB John Jones
|
0-0: Ball 1-0: Called Strike 1-1: Swinging Strike 1-2: Foul Ball, location: 2F 1-2: Ground out 6-3 (Groundball, 6S)
|
Batting: LHB Ángel De Jesús
|
0-0: Ground out 4-3 (Groundball, 34D)
|
Bottom of the 7th over - 1 run, 1 hit, 1 error, 0 left on base; Montgomery 3 - Scottsdale 4 |
TOP OF THE 8TH |
Montgomery Grey Sox batting - Pitching for Scottsdale Scorpions : RHP Raúl Alonzo
|
Now at C: Jeff McQueen
|
|
Batting: SHB Wilson Bray
|
0-0: Ball 1-0: Foul Ball, location: 2F 1-1: Ball 2-1: Ball 3-1: Base on Balls
|
Pitching: RHP Alberto Sepúlveda
|
|
Pinch Runner at 1st Julius Farmer:
|
|
Batting: RHB José Torres
|
0-0: SINGLE (Groundball, 6MD) Julius Farmer to second Runner from 2nd tries for 3rd, SAFE, throw made to third
|
Batting: RHB Luis Pineda
|
0-0: Called Strike 0-1: Fly out, F4 (Popup, 3S)
|
Batting: LHB Jorge Garza
|
0-0: Ball 1-0: Foul Ball, location: 2F 1-1: Ball 2-1: Ball 3-1: Fielders Choice at 2nd, 6-4 (Groundball, 56) Julius Farmer scores
|
Batting: RHB Jorge Romero
|
0-0: Called Strike 0-1: Fly out, F8 (Line Drive, 8LD)
|
Top of the 8th over - 1 run, 1 hit, 0 errors, 1 left on base; Montgomery 4 - Scottsdale 4 |
BOTTOM OF THE 8TH |
Scottsdale Scorpions batting - Pitching for Montgomery Grey Sox : RHP Santiago Álvarez
|
Pinch Hitting: LHB Manny Vigil
|
0-0: Ball 1-0: Fly out, F3 (Popup, 3DF)
|
Pinch Hitting: LHB Bartolo Baruffaldi
|
0-0: Called Strike 0-1: Hit by Pitch
|
Pinch Runner at 1st Randy Banks:
|
|
Batting: RHB Robinson Fernández
|
0-0: Ball 1-0: Called Strike 1-1: Foul Ball, location: 2F 1-2: Fly out, F8 (Line Drive, 78D)
|
Batting: LHB Ernesto Hernández
|
0-0: Called Strike 0-1: Ball Randy Banks steals 2nd base 1-1: Ball 2-1: Swinging Strike 2-2: Ball 3-2: Foul Ball, location: 2F 3-2: Foul Ball, location: 2F 3-2: SINGLE (Groundball, 4MD) Randy Banks to third Randy Banks scores
|
Batting: RHB José Martínez
|
0-0: Ball Ernesto Hernández steals 2nd base 1-0: Fly out, F8 (Flyball, 78D)
|
Bottom of the 8th over - 1 run, 1 hit, 0 errors, 1 left on base; Montgomery 4 - Scottsdale 5 |
TOP OF THE 9TH |
Montgomery Grey Sox batting - Pitching for Scottsdale Scorpions : RHP Alberto Sepúlveda
|
Pitching: LHP Miguel Guerra
|
|
Now at 1B: Manny Vigil
|
|
Now at SS: Randy Banks
|
|
Pinch Hitting: RHB Andrew Lewis
|
0-0: Ball 1-0: Called Strike 1-1: Ball 2-1: Foul Ball, location: 2F 2-2: Ground out 5-3 (Groundball, 56S)
|
Batting: RHB Randall James
|
0-0: Called Strike 0-1: Swinging Strike 0-2: Foul Ball, location: 2F 0-2: Strikes out swinging
|
Batting: SHB Kenneth Cruz
|
0-0: Called Strike 0-1: Ball 1-1: Foul Ball, location: 2F 1-2: Strikes out swinging
|
Top of the 9th over - 0 runs, 0 hits, 0 errors, 0 left on base; Montgomery 4 - Scottsdale 5 |
|
Saturday, April 7th, 2018 - OOTP Baseball 18.8 Build 76
|
|